 Dungeon Crawl Stone Soup version 0.30-a0-585-g93115170b9 (webtiles) character file.

Game seed: 2306495950216330417

47 cforsyth the Trooper (level 3, -5/33 HPs)
             Began as a Ghoul Monk on Jan 2, 2023.
             Slain by a goblin
             ... wielding a +3 dagger
             ... led by Robin
              (9 damage)
             ... on level 2 of the Dungeon.
             The game lasted 00:01:29 (1216 turns).

cforsyth the Trooper (Ghoul Monk)                   Turns: 1216, Time: 00:01:29

Health: -5/33      AC:  2    Str: 16    XL:     3   Next: 70%
Magic:  2/2        EV: 12    Int:  5    God:
Gold:   97         SH:  0    Dex: 11    Spells: 2/2 levels left

rFire   . . .      SeeInvis .      - Unarmed
rCold   + . .      Faith    .    (no shield)
rNeg    + + +      Spirit   .    a - +0 robe
rPois   ∞          Reflect  .    (no helmet)
rElec   .          Harm     .    (no cloak)
rCorr   .          Rampage  .    (no gloves)
Will    .....                    (no boots)
Stlth   ++                       (no amulet)
HPRegen 0.00/turn                (no ring)
MPRegen 0.08/turn                (no ring)

@: inhibited regen
A: claws 1, cold resistance 1, negative energy resistance 3, inhibited
regeneration, torment resistance 2, devour on kill
a: no special abilities


You were on level 2 of the Dungeon.
You visited 1 branch of the dungeon, and saw 2 of its levels.

You collected 97 gold pieces.

Inventory:

Armour
 a - a +0 robe (worn)
Scrolls
 c - a scroll of teleportation {unknown}
 f - a scroll of butterflies {unknown}
 g - a scroll of brand weapon {unknown}
 j - a scroll of identify {unknown}
Potions
 b - a potion of ambrosia
 e - a potion of heal wounds {unknown}
 h - a potion of lignification {unknown}
 i - a potion of might {unknown}


   Skills:
 + Level 4.2 Fighting
 - Level 2.6 Dodging
 - Level 2.1 Stealth
 + Level 4.2 Unarmed Combat


You had 2 spell levels left.
You didn't know any spells.
Your spell library contained the following spells:

 Spells                   Type           Power      Damage    Failure   Level
 Sandblast                Erth           0%         2d4       47%         1
 Passwall                 Tmut/Erth      0%         N/A       63%         2
 Stone Arrow              Conj/Erth      0%         3d7       85%         3


Dungeon Overview and Level Annotations

Branches:
Dungeon (2/15)

Altars:

Annotations:
D:2 Robin


Innate Abilities, Weirdness & Mutations

You are immune to poison.
You have sharp fingernails.
Your flesh is cold resistant. (rC+)
You are immune to negative energy. (rN+++)
You do not regenerate when monsters are visible.
You are immune to unholy pain and torment.
You thrive by killing the living.


Message History

You are too injured to fight recklessly!
You are too injured to fight recklessly!
You are too injured to fight recklessly!
You are too injured to fight recklessly!
You are too injured to fight recklessly!
You are too injured to fight recklessly!
You are too injured to fight recklessly!
The goblin attacks as you move away! The goblin closely misses you.
A goblin comes into view. It is wielding a +0 club.
You see here a hobgoblin corpse.
The goblin attacks as you move away! The goblin barely misses you.
There is an open door here.
The goblin attacks as you move away! The goblin barely misses you.
The goblin attacks as you move away! The goblin hits you with a +3 dagger.
* * * LOW HITPOINT WARNING * * *
The goblin attacks as you move away! The goblin barely misses you.
The goblin attacks as you move away! The goblin hits you with a +3 dagger!
* * * LOW HITPOINT WARNING * * *
The goblin attacks as you move away! The goblin misses you.
The goblin no longer looks unusually strong.
It was a potion of curing.
You feel better. The goblin hits you with a +3 dagger.
* * * LOW HITPOINT WARNING * * *
You feel better.
The goblin no longer looks unusually strong.
The goblin misses you.
The goblin no longer looks unusually strong.
The goblin attacks as you move away! The goblin hits you but does no damage.
The goblin attacks as you move away! The goblin hits you with a +3 dagger.
Something throws the goblin at you!
* * * LOW HITPOINT WARNING * * *
The goblin closely misses you. The goblin closely misses you.
The goblin attacks as you move away! The goblin hits you with a +3 dagger.
* * * LOW HITPOINT WARNING * * *
The goblins go into a battle-frenzy!
The goblin hits you with a +0 club.
* * * LOW HITPOINT WARNING * * *
The goblin attacks as you move away! The goblin hits you with a +3 dagger!
You die...

#.......####.# #.###
#..†....+..#.# #.#.#
########....).##.#.# #.#.. #....#
#....#).....# #.#.# #....#
#.#..#.##...###....
#....#####..#......#.....#
########...........#......#.#####
...............g##.#......#.....#
######.###..g.g@.........#####.#
###.....###..g.g.#)..<......# #.#
..g..g..+..[[........>...##.# #.#
).#.....###......#.......##.# #..
..#..)..#......#.#.......##.# ###
..#####.#.###..#.#.......#..# ..#
#.#...#..#.#.......#.## ..#
#.#...#..#.#.......#.# ..#
#....##..#....#..###.#


You could see 5 goblins.

Vanquished Creatures
  An adder (D:2)
  An orc (D:2)
  2 endoplasms
  7 giant cockroaches
  4 goblins
  3 hobgoblins
  4 jackals (D:1)
  A ball python (D:2)
  4 bats
  2 frilled lizards (D:1)
  A kobold (D:1)
  4 rats
34 creatures vanquished.

Vanquished Creatures (others)
  A plant (D:1)
1 creature vanquished.

Grand Total: 35 creatures vanquished

Notes
Turn   | Place    | Note
-------+----------+-------------------------------------------
     0 | D:1      | cforsyth the Ghoul Monk began the quest for the Orb.
     0 | D:1      | Reached XP level 1. HP: 19/19 MP: 0/0
   151 | D:1      | Reached XP level 2. HP: 13/26 MP: 1/1
   633 | D:1      | Reached XP level 3. HP: 33/33 MP: 2/2
  1191 | D:2      | Noticed Robin
  1206 | D:2      | HP: 1/33 [goblin/+3 dagger[Robin] (7)]
  1216 | D:2      | Slain by a goblin

Illustrated notes

Levels and vault maps discovered:
D:1:      eino_arrival_tree_alley, layout_loops_cross, minmay_misc_feat_x,
          minmay_worlds_worst_comb
D:2:      layout_basic, uniq_robin

Skill      XL: |  1  2  3 |
---------------+----------+-----
Fighting       | 4 |  4.2
Unarmed Combat | 4 |  4.2
Dodging        | |  2.6
Stealth        | |  2.1

Action                   || total
-------------------------++-------
Melee: Unarmed           ||   112
       Punch             ||     2
  Use: Potion            ||     2
 Stab: Sleeping          ||     4
Armor: Robe              ||    40
Dodge: Dodged            ||    83

Table legend: (Time is in decaauts)
 A = Elapsed time spent in this place.
 B = Non-inter-level travel time spent in this place.
 C = Inter-level travel time spent in this place.
 D = Time resting spent in this place.
 E = Time spent auto-exploring this place.
 F = Levels seen in this place.
 G = Mean time per level.
                   A        B        C        D        E       F      G
               +--------+--------+--------+--------+--------+-----+--------+
         Total |   1208 |   1183 |     25 |      0 |    947 |   2 |  604.0 |
       Dungeon |   1208 |   1183 |     25 |      0 |    947 |   2 |  604.0 |
               +--------+--------+--------+--------+--------+-----+--------+

Top non-repeatable levels by time:
     D:1: 864 daAuts
     D:2: 343 daAuts
